[Event "Irish International Open 2019"]
[Site "Dublin"]
[Date "2019.04.19"]
[Round "4.12"]
[White "Daly, Colm"]
[Black "Schmitz, Andreas Arnold"]
[Result "0-1"]
[ECO "C18"]
[WhiteElo "2278"]
[BlackElo "2003"]
[Annotator "NA"]
[PlyCount "140"]
[EventDate "2019.02.28"]
[EventType "swiss"]
[EventCountry "IRL"]
[SourceTitle "playchess.com"]
[Source "ChessBase"]
[SourceQuality "1"]
[TimeControl "5400+30"]

1. e4 e6 2. d4 d5 3. Nc3 Bb4 4. e5 c5 5. a3 Bxc3+ 6. bxc3 Qc7 7. Nf3 Bd7 8. a4 Qa5 9. Bd2 c4 10. h4 h5 11. Qb1 Na6 12. Be2 O-O-O 13. Qa2 Nh6 14. O-O Nf5 15. Rfe1 Bc6 16. Bf1 Rd7 17. g3 Kb8 18. Bh3 g6 19. Qa3 Ne7 20. Bg5 Nc8 21. Bf6 Re8 22. Ng5 Nb6 23. Re3 Nc7 24. Bg7 Rg8 25. Rf3 Qxa4 26. Qc1 Qb5 27. Bh6 Na4 28. Nxf7 Qb2 29. Qxb2 Nxb2 30. Ng5 Rh8 31. Bf8 a6 32. Bd6 Rxd6 33. exd6 Nb5 34. Nf7 Rf8 35. Kg2 Nxc3 36. Rxc3 Rxf7 37. Bxe6 Rf6 38. Re1 b5 39. Rf3 Rxf3 40. Kxf3 Na4 41. Bh3 b4 42. Kf4 Nc3 43. d7 Kc7 44. Re8 Bxd7 45. Re7 b3 46. cxb3 cxb3 47. Bxd7 Kd6 48. Re1 Kxd7 49. Kg5 b2 50. Kxg6 b1=Q+ 51. Rxb1 Nxb1 52. g4 a5 53. gxh5 a4 54. h6 a3 55. h7 a2 56. h8=Q a1=Q 57. Qg7+ Kc6 58. h5 Nc3 59. Qf6+ Kb5 60. h6 Ne4 61. Qe5 Qg1+ 62. Kf7 Kc4 63. f4 Qh2 64. Kg6 Qg3+ 65. Kh7 Qh4 66. f5 Qg5 67. Qc7+ Kd3 68. Qg7 Qxf5+ 69. Qg6 Ng5+ 70. Kg7 Ne6+ 0-1

[Event "Irish International Open 2019"]
[Site "Dublin"]
[Date "2019.04.19"]
[Round "4.13"]
[White "Schmitz, Manuela"]
[Black "Pulkkinen, Kari"]
[Result "0-1"]
[ECO "D94"]
[WhiteElo "1968"]
[BlackElo "2265"]
[Annotator "NA"]
[PlyCount "88"]
[EventDate "2019.02.28"]
[EventType "swiss"]
[EventCountry "IRL"]
[SourceTitle "playchess.com"]
[Source "ChessBase"]
[SourceQuality "1"]
[TimeControl "5400+30"]

1. d4 Nf6 2. Nf3 g6 3. c4 c5 4. e3 Bg7 5. Be2 O-O 6. O-O cxd4 7. exd4 d5 8. Nc3 Nc6 9. h3 Bf5 10. Be3 dxc4 11. Bxc4 Rc8 12. Rc1 Nb4 13. Be2 Nbd5 14. Nxd5 Nxd5 15. Qb3 Nxe3 16. fxe3 Bh6 17. a3 Qb6 18. Qxb6 Bxe3+ 19. Kh1 axb6 20. Rc4 Rxc4 21. Bxc4 Rc8 22. b3 b5 23. Bxb5 Be6 24. Re1 Bf4 25. Ba4 Rc3 26. Ne5 Bxb3 27. Bxb3 Rxb3 28. Rf1 Bxe5 29. dxe5 Rxa3 30. Rb1 Re3 31. Rb5 e6 32. Kg1 Rd3 33. Kf2 Rd5 34. Rxb7 Rxe5 35. Ra7 h5 36. Kf3 Kg7 37. Rb7 Kf6 38. Rb4 Rc5 39. h4 Rc3+ 40. Kf2 Kf5 41. g3 e5 42. Rb5 f6 43. Ra5 Rd3 44. Rb5 Kg4 0-1

[Event "Irish International Open 2019"]
[Site "Dublin"]
[Date "2019.04.19"]
[Round "4.14"]
[White "Thorarinsson, Pall A."]
[Black "Carroll, Peter"]
[Result "1-0"]
[ECO "D03"]
[WhiteElo "2246"]
[BlackElo "2006"]
[Annotator "NA"]
[PlyCount "57"]
[EventDate "2019.02.28"]
[EventType "swiss"]
[EventCountry "IRL"]
[SourceTitle "playchess.com"]
[Source "ChessBase"]
[SourceQuality "1"]
[TimeControl "5400+30"]

1. d4 Nf6 2. Nf3 g6 3. Bg5 Bg7 4. Nbd2 d5 5. e3 O-O 6. Bd3 Nbd7 7. c3 c5 8. O-O b6 9. a4 Bb7 10. a5 Ne4 11. Bh4 f6 12. a6 Bc6 13. Nxe4 dxe4 14. Bc4+ Kh8 15. Nd2 b5 16. d5 Ne5 17. dxc6 Nxc4 18. Nxc4 bxc4 19. Qa4 Qb6 20. Qxc4 Qxc6 21. b4 g5 22. Bg3 f5 23. Ra5 Qf6 24. Bc7 Qxc3 25. Rxc5 Qxc4 26. Rxc4 Rf6 27. b5 Re6 28. Rc5 Rf8 29. Rd1 1-0

[Event "Irish International Open 2019"]
[Site "Dublin"]
[Date "2019.04.19"]
[Round "4.15"]
[White "Duffy, Seamus"]
[Black "Mihalik, Agoston"]
[Result "0-1"]
[ECO "A01"]
[WhiteElo "1921"]
[BlackElo "2203"]
[Annotator "NA"]
[PlyCount "104"]
[EventDate "2019.02.28"]
[EventType "swiss"]
[EventCountry "IRL"]
[SourceTitle "playchess.com"]
[Source "ChessBase"]
[SourceQuality "1"]
[TimeControl "5400+30"]

1. b3 d5 2. Bb2 c5 3. e3 a6 4. f4 Nf6 5. Nf3 g6 6. Be2 Bg7 7. O-O Nc6 8. Ne5 Bd7 9. d3 O-O 10. Nd2 d4 11. Nxc6 Bxc6 12. e4 b5 13. Bf3 Qc7 14. g3 Rfd8 15. Qe2 Nd7 16. Bg2 Nb6 17. Rae1 c4 18. Nf3 e6 19. Bc1 a5 20. f5 e5 21. fxg6 hxg6 22. Ng5 Be8 23. Qg4 Nd7 24. Qh4 Nf8 25. Bh3 Ra6 26. bxc4 f6 27. cxb5 Bxb5 28. Nf3 Re8 29. Rf2 Rc6 30. Bh6 Rxc2 31. Bxg7 Kxg7 32. Nd2 Nh7 33. Bf1 Rxa2 34. Rb1 Bd7 35. g4 Rb8 36. Rxb8 Qxb8 37. Qg3 Qc8 38. h3 Qc3 39. Nb1 Qa1 40. Nd2 Qe1 41. Qg2 Ng5 42. Re2 Qd1 43. h4 Nh3+ 44. Qxh3 Rxd2 45. Rxd2 Qxd2 46. h5 gxh5 47. Qxh5 Qh6 48. Qxh6+ Kxh6 49. Be2 a4 50. Bd1 a3 51. Bb3 Kg6 52. Kf2 Be8 0-1

[Event "Irish International Open 2019"]
[Site "Dublin"]
[Date "2019.04.19"]
[Round "4.16"]
[White "Han, Yichen"]
[Black "Hafstad, Leif"]
[Result "1-0"]
[ECO "B44"]
[WhiteElo "2190"]
[BlackElo "1857"]
[Annotator "NA"]
[PlyCount "81"]
[EventDate "2019.02.28"]
[EventType "swiss"]
[EventCountry "IRL"]
[SourceTitle "playchess.com"]
[Source "ChessBase"]
[SourceQuality "1"]
[TimeControl "5400+30"]

1. e4 c5 2. Nf3 e6 3. d4 cxd4 4. Nxd4 Nc6 5. Nb5 a6 6. Nd6+ Bxd6 7. Qxd6 Qe7 8. Qg3 Qf6 9. Nc3 h6 10. Bf4 Nge7 11. Bd3 e5 12. Be3 O-O 13. O-O d6 14. f4 Qg6 15. f5 Qxg3 16. hxg3 f6 17. Bc4+ Kh7 18. a4 Nb4 19. Bb3 Nec6 20. Rad1 Na5 21. Rxd6 Nxb3 22. cxb3 Nc6 23. Nd5 Rf7 24. Rd1 Rb8 25. Nb6 Rc7 26. Bc5 Na5 27. b4 Nb3 28. Rd8 Nxc5 29. bxc5 Rxc5 30. Re8 Bxf5 31. Rxb8 Bxe4 32. Rc8 Bc6 33. Rd2 e4 34. Kf2 Kg6 35. Rcd8 Rf5+ 36. Kg1 Rc5 37. Nd5 Bxa4 38. Rd4 Bc2 39. Nf4+ Kh7 40. Re8 g5 41. Rd7# 1-0

[Event "Irish International Open 2019"]
[Site "Dublin"]
[Date "2019.04.19"]
[Round "4.16"]
[White "Han, Yichen"]
[Black "Hafstad, Leif"]
[Result "*"]
[ECO "B44"]
[WhiteElo "2190"]
[BlackElo "1857"]
[Annotator "NA"]
[PlyCount "56"]
[EventDate "2019.02.28"]
[EventType "swiss"]
[EventCountry "IRL"]
[SourceTitle "playchess.com"]
[Source "ChessBase"]
[SourceQuality "1"]
[TimeControl "5400+30"]

1. e4 c5 2. Nf3 e6 3. d4 cxd4 4. Nxd4 Nc6 5. Nb5 a6 6. Nd6+ Bxd6 7. Qxd6 Qe7 8. Qg3 Qf6 9. Nc3 h6 10. Bf4 Nge7 11. Bd3 e5 12. Be3 O-O 13. O-O d6 14. f4 Qg6 15. f5 Qxg3 16. hxg3 f6 17. Bc4+ Kh7 18. a4 Nb4 19. Bb3 Nec6 20. Rad1 Na5 21. Rd2 d5 22. Rxd5 Nxb3 23. Rd6 Nc6 24. cxb3 Rf7 25. Nd5 Rb8 26. Rd1 Rc7 27. Nb6 Na5 28. Bc5 Nxb3 *

[Event "Irish International Open 2019"]
[Site "Dublin"]
[Date "2019.04.19"]
[Round "4.17"]
[White "Scallan, Fiachra"]
[Black "Menzies, Colin"]
[Result "0-1"]
[ECO "B18"]
[WhiteElo "1899"]
[BlackElo "2183"]
[Annotator "NA"]
[PlyCount "62"]
[EventDate "2019.02.28"]
[EventType "swiss"]
[EventCountry "IRL"]
[SourceTitle "playchess.com"]
[Source "ChessBase"]
[SourceQuality "1"]
[TimeControl "5400+30"]

1. e4 c6 2. d4 d5 3. Nd2 dxe4 4. Nxe4 Bf5 5. Ng3 Bg6 6. h4 h6 7. Nh3 e6 8. Nf4 Bh7 9. Bc4 Ne7 10. c3 Nd5 11. Qh5 Bd6 12. Bxd5 cxd5 13. Qg4 Kf8 14. Ngh5 Rg8 15. O-O Bf5 16. Qf3 Qxh4 17. g3 Qg4 18. Qg2 Bxf4 19. Nxf4 Bh7 20. Nxd5 exd5 21. Qxd5 g5 22. Re1 Nc6 23. b3 Kg7 24. Bb2 Rge8 25. Qg2 Be4 26. Qh2 f6 27. Re3 Bf3 28. Rae1 Rxe3 29. Rxe3 Qf5 30. Re1 Re8 31. Rf1 h5 0-1

[Event "Irish International Open 2019"]
[Site "Dublin"]
[Date "2019.04.19"]
[Round "4.18"]
[White "O`Connell, Kevin J."]
[Black "Schut, Han"]
[Result "0-1"]
[ECO "A48"]
[WhiteElo "2328"]
[BlackElo "2173"]
[Annotator "NA"]
[PlyCount "90"]
[EventDate "2019.02.28"]
[EventType "swiss"]
[EventCountry "IRL"]
[SourceTitle "playchess.com"]
[Source "ChessBase"]
[SourceQuality "1"]
[TimeControl "5400+30"]

1. d4 Nf6 2. Bf4 g6 3. e3 Bg7 4. Nf3 d6 5. h3 O-O 6. Be2 c5 7. c3 cxd4 8. exd4 Nc6 9. O-O h6 10. Re1 Bf5 11. Nbd2 a6 12. Bf1 Re8 13. g4 Bd7 14. Nc4 b5 15. Ne3 e5 16. dxe5 dxe5 17. Bh2 Qc8 18. Nd2 Be6 19. Bg2 Ra7 20. Qe2 h5 21. g5 Nd7 22. Ne4 Bf8 23. Red1 Rd8 24. h4 Kh8 25. Nd5 Ndb8 26. Ndf6 Be7 27. Nxh5 Bg4 28. Bf3 gxh5 29. Rxd8+ Bxd8 30. Bxg4 Qxg4+ 31. Qxg4 hxg4 32. Rd1 Rd7 33. Re1 Kg7 34. Re2 f5 35. Nc5 Rd1+ 36. Kg2 f4 37. f3 g3 38. Bg1 Kg6 39. Ne4 Nd7 40. Bc5 Nxc5 41. Nxc5 Kh5 42. Ne4 Bb6 43. Rd2 Rg1+ 44. Kh3 Rh1+ 45. Kg2 Rh2+ 0-1

[Event "Irish International Open 2019"]
[Site "Dublin"]
[Date "2019.04.19"]
[Round "4.19"]
[White "Jocius, Donatas"]
[Black "Murray, David"]
[Result "1/2-1/2"]
[ECO "B40"]
[WhiteElo "1773"]
[BlackElo "2152"]
[Annotator "NA"]
[PlyCount "47"]
[EventDate "2019.02.28"]
[EventType "swiss"]
[EventCountry "IRL"]
[SourceTitle "playchess.com"]
[Source "ChessBase"]
[SourceQuality "1"]
[TimeControl "5400+30"]

1. e4 e6 2. c3 d5 3. e5 c5 4. Nf3 Nc6 5. Bb5 Qb6 6. Ba4 Nh6 7. d4 Bd7 8. O-O Nf5 9. Bxc6 bxc6 10. b3 cxd4 11. Nxd4 Nxd4 12. cxd4 c5 13. Be3 Bb5 14. Re1 c4 15. bxc4 Bxc4 16. Na3 Qa6 17. Nxc4 Qxc4 18. Qg4 h5 19. Qf3 Ba3 20. Rab1 Qa6 21. Rb3 Rc8 22. Reb1 Be7 23. a3 f6 24. Bd2 1/2-1/2

[Event "Irish International Open 2019"]
[Site "Dublin"]
[Date "2019.04.19"]
[Round "4.20"]
[White "Melaugh, Shane"]
[Black "Opseth, Oliver"]
[Result "1-0"]
[ECO "E73"]
[WhiteElo "2105"]
[BlackElo "1739"]
[Annotator "NA"]
[PlyCount "75"]
[EventDate "2019.02.28"]
[EventType "swiss"]
[EventCountry "IRL"]
[SourceTitle "playchess.com"]
[Source "ChessBase"]
[SourceQuality "1"]
[TimeControl "5400+30"]

1. c4 Nf6 2. Nc3 d6 3. d4 g6 4. e4 Bg7 5. Be2 O-O 6. Be3 e5 7. d5 Ne8 8. g4 f5 9. gxf5 gxf5 10. exf5 Bxf5 11. Nf3 Na6 12. Rg1 Nb4 13. Rc1 c6 14. a3 Na6 15. b4 Bg6 16. Ng5 Nac7 17. h4 Kh8 18. h5 Bf5 19. Bd3 Qd7 20. Bxf5 Qxf5 21. Nge4 cxd5 22. cxd5 h6 23. Rg6 Nb5 24. Ng3 Nxc3 25. Rxc3 Qf7 26. Qd2 Nf6 27. Bxh6 Bxh6 28. Rxh6+ Nh7 29. Ne4 Rg8 30. Ng5 Rxg5 31. Qxg5 Rf8 32. Qe3 Rg8 33. Rxd6 Qxh5 34. Kd2 Qf5 35. Rc7 Qg5 36. Qxg5 Nxg5 37. Rh6+ Nh7 38. Rhxh7# 1-0

[Event "Irish International Open 2019"]
[Site "Dublin"]
[Date "2019.04.19"]
[Round "4.21"]
[White "Sokolinksy, Yaakov"]
[Black "Burns-Mannion, Stephen"]
[Result "1/2-1/2"]
[ECO "C78"]
[WhiteElo "1900"]
[BlackElo "2285"]
[Annotator "NA"]
[PlyCount "143"]
[EventDate "2019.02.28"]
[EventType "swiss"]
[EventCountry "IRL"]
[SourceTitle "playchess.com"]
[Source "ChessBase"]
[SourceQuality "1"]
[TimeControl "5400+30"]

1. e4 e5 2. Nf3 Nc6 3. Bb5 a6 4. Ba4 Nf6 5. d3 b5 6. Bb3 Bc5 7. O-O d6 8. c3 h6 9. Nbd2 O-O 10. Re1 Bb6 11. a4 Rb8 12. axb5 axb5 13. Nf1 Ne7 14. d4 Ng6 15. Ng3 Re8 16. h3 c5 17. dxc5 dxc5 18. Qe2 c4 19. Bc2 Nf4 20. Bxf4 exf4 21. Nf1 Bb7 22. e5 Qc7 23. N1d2 Nd7 24. b3 cxb3 25. Bxb3 Nc5 26. Bc2 Ne6 27. Be4 Bc5 28. Reb1 Bc6 29. Ra6 Bxe4 30. Nxe4 b4 31. Rb3 Red8 32. Kh2 Bf8 33. Ra1 bxc3 34. Rxc3 Qb6 35. Rd1 Rxd1 36. Qxd1 Qb4 37. Qc2 Nd4 38. Qd3 Rd8 39. Nd6 Nxf3+ 40. Qxf3 Bxd6 41. exd6 Rxd6 42. Rc8+ Kh7 43. Qc3 Qe4 44. Rc4 Qf5 45. Qc2 Qxc2 46. Rxc2 g5 47. g3 fxg3+ 48. fxg3 f5 49. Kg2 Kg6 50. Rb2 Kf6 51. Rb5 Rd2+ 52. Kg1 Ke6 53. Ra5 h5 54. g4 hxg4 55. hxg4 fxg4 56. Rxg5 Rd4 57. Ra5 Rd2 58. Rg5 Rd4 59. Ra5 Kf6 60. Kg2 Rd3 61. Rb5 Ra3 62. Rc5 Rf3 63. Rb5 Rf5 64. Rxf5+ Kxf5 65. Kg3 Kg5 66. Kg2 Kf4 67. Kf2 g3+ 68. Kg2 Kg4 69. Kg1 Kf3 70. Kf1 Kf4 71. Kg2 Kg4 72. Kg1 1/2-1/2

[Event "Irish International Open 2019"]
[Site "Dublin"]
[Date "2019.04.19"]
[Round "4.22"]
[White "Boyle, Bernard"]
[Black "Horvath, Gabor"]
[Result "0-1"]
[ECO "D02"]
[WhiteElo "1799"]
[BlackElo "2252"]
[Annotator "NA"]
[PlyCount "148"]
[EventDate "2019.02.28"]
[EventType "swiss"]
[EventCountry "IRL"]
[SourceTitle "playchess.com"]
[Source "ChessBase"]
[SourceQuality "1"]
[TimeControl "5400+30"]

1. d4 Nf6 2. Nf3 d5 3. Bf4 c5 4. e3 Nc6 5. c3 Qb6 6. Qc2 g6 7. Nbd2 Bf5 8. dxc5 Qxc5 9. Qb3 Na5 10. Qb5+ Qxb5 11. Bxb5+ Bd7 12. Bxd7+ Nxd7 13. O-O Bg7 14. Bc7 Nc6 15. e4 dxe4 16. Nxe4 Rc8 17. Bg3 O-O 18. Rad1 Rfd8 19. h4 Nde5 20. Nxe5 Nxe5 21. Rxd8+ Rxd8 22. h5 gxh5 23. Re1 Ng6 24. a4 h4 25. Bc7 Rc8 26. Ba5 f5 27. Ng5 Bf6 28. Ne6 b6 29. Bb4 a5 30. Ba3 Rc4 31. Nd4 Bxd4 32. cxd4 Rxd4 33. Re6 Rxa4 34. Rxb6 Kf7 35. Ra6 h6 36. Kh2 e6 37. Ra7+ Kf6 38. Ra6 Ne5 39. Ra8 Ng4+ 40. Kg1 Rd4 41. Kf1 Rd5 42. Ra7 Ke5 43. Bf8 Kd4 44. Be7 Kd3 45. Rc7 Rb5 46. Ba3 Kd2 47. Rc6 Re5 48. Rd6+ Kc2 49. Rc6+ Kb3 50. Rc3+ Ka2 51. Rh3 Rd5 52. Ke2 Re5+ 53. Kf1 Rb5 54. Rxh4 e5 55. Ke2 e4 56. f3 exf3+ 57. gxf3 Ne5 58. Ra4 Kb3 59. Rd4 Nc4 60. Rd3+ Ka2 61. Bf8 Rxb2+ 62. Kd1 Rb3 63. Rxb3 Kxb3 64. Bxh6 a4 65. Bf8 a3 66. Bxa3 Nxa3 67. Kd2 Kc4 68. Ke3 Kd5 69. f4 Nc4+ 70. Kd3 Nd6 71. Ke3 Kc4 72. Ke2 Kd4 73. Kf3 Kd3 74. Kf2 Ke4 0-1

[Event "Irish International Open 2019"]
[Site "Dublin"]
[Date "2019.04.19"]
[Round "4.23"]
[White "Scott, Luke"]
[Black "Reprun, Nadejda"]
[Result "0-1"]
[ECO "D17"]
[WhiteElo "1881"]
[BlackElo "1995"]
[Annotator "NA"]
[PlyCount "46"]
[EventDate "2019.02.28"]
[EventType "swiss"]
[EventCountry "IRL"]
[SourceTitle "playchess.com"]
[Source "ChessBase"]
[SourceQuality "1"]
[TimeControl "5400+30"]

1. d4 d5 2. c4 c6 3. Nc3 Nf6 4. Nf3 dxc4 5. a4 Bf5 6. Ne5 Nbd7 7. Nxc4 Qc7 8. f3 e5 9. dxe5 Nxe5 10. e4 Be6 11. Nxe5 Qxe5 12. Be3 Bb4 13. Qc2 Nd5 14. Bd2 O-O 15. Be2 Nf4 16. Bxf4 Qxf4 17. O-O Rad8 18. Rad1 h5 19. Rxd8 Rxd8 20. Rd1 Rxd1+ 21. Bxd1 Bc5+ 22. Kh1 Qe3 23. Ne2 Bh3 0-1

[Event "Irish International Open 2019"]
[Site "Dublin"]
[Date "2019.04.19"]
[Round "4.24"]
[White "Fox, Anthony"]
[Black "Moran, Darragh"]
[Result "1/2-1/2"]
[ECO "C00"]
[WhiteElo "2031"]
[BlackElo "1844"]
[Annotator "NA"]
[PlyCount "55"]
[EventDate "2019.02.28"]
[EventType "swiss"]
[EventCountry "IRL"]
[SourceTitle "playchess.com"]
[Source "ChessBase"]
[SourceQuality "1"]
[TimeControl "5400+30"]

1. e4 e6 2. d3 d5 3. Nd2 Nf6 4. Ngf3 c5 5. g3 Nc6 6. Bg2 Be7 7. O-O O-O 8. Re1 b5 9. e5 Nd7 10. h4 a5 11. Nf1 Qb6 12. N1h2 Ba6 13. h5 Rfc8 14. Ng4 h6 15. Bf4 Bf8 16. Bh3 b4 17. Nh4 c4 18. dxc4 dxc4 19. Nxh6+ gxh6 20. Bxe6 fxe6 21. Qg4+ Kh8 22. Qxe6 Ne7 23. Qxd7 Rd8 24. Qg4 Bb7 25. e6 Qc6 26. Kh2 Bg7 27. Rad1 a4 28. Rd7 1/2-1/2

[Event "Irish International Open 2019"]
[Site "Dublin"]
[Date "2019.04.19"]
[Round "4.25"]
[White "Mulligan, Scott"]
[Black "Halvorsen, Benjamin"]
[Result "1-0"]
[ECO "A80"]
[WhiteElo "2006"]
[BlackElo "1767"]
[Annotator "NA"]
[PlyCount "27"]
[EventDate "2019.02.28"]
[EventType "swiss"]
[EventCountry "IRL"]
[SourceTitle "playchess.com"]
[Source "ChessBase"]
[SourceQuality "1"]
[TimeControl "5400+30"]

1. d4 f5 2. Qd3 g6 3. g4 fxg4 4. h3 gxh3 5. Nxh3 d5 6. Ng5 Nf6 7. Rxh7 Bf5 8. Rxh8 Bxd3 9. Rxf8+ Kxf8 10. Ne6+ Ke8 11. Nxd8 Bxc2 12. Nxb7 Nc6 13. e3 e5 14. Bb5 1-0

[Event "Irish International Open 2019"]
[Site "Dublin"]
[Date "2019.04.19"]
[Round "4.26"]
[White "Cafolla, Peter"]
[Black "Phelan, Leo"]
[Result "0-1"]
[ECO "B20"]
[WhiteElo "1949"]
[BlackElo "1708"]
[Annotator "NA"]
[PlyCount "88"]
[EventDate "2019.02.28"]
[EventType "swiss"]
[EventCountry "IRL"]
[SourceTitle "playchess.com"]
[Source "ChessBase"]
[SourceQuality "1"]
[TimeControl "5400+30"]

1. e4 c5 2. b3 Nc6 3. Bb2 Nf6 4. Nc3 g6 5. f4 d6 6. Nd5 Bg7 7. Nxf6+ exf6 8. Bb5 O-O 9. Bxc6 bxc6 10. Nf3 Re8 11. d3 d5 12. Nd2 dxe4 13. dxe4 Bf5 14. O-O Bxe4 15. Nxe4 Rxe4 16. Qxd8+ Rxd8 17. f5 Rd2 18. Rf2 Rxf2 19. Kxf2 Rf4+ 20. Kg3 Rxf5 21. c4 Kf8 22. Rd1 Ke7 23. Re1+ Kd7 24. Rd1+ Kc7 25. Bc1 g5 26. Be3 Bf8 27. Kg4 Re5 28. Kf3 h6 29. g4 Bd6 30. h4 Re6 31. h5 Re5 32. Bd2 f5 33. Ba5+ Kd7 34. Bc3 fxg4+ 35. Kxg4 f5+ 36. Kf3 Re6 37. Rd3 Ke7 38. a3 g4+ 39. Kf2 f4 40. b4 f3 41. Rd2 Bf4 42. Rb2 Re3 43. Rc2 g3+ 44. Kf1 Rd3 0-1

[Event "Irish International Open 2019"]
[Site "Dublin"]
[Date "2019.04.19"]
[Round "4.27"]
[White "Kersten, Julian"]
[Black "Farrelly, Eoin"]
[Result "1-0"]
[ECO "D00"]
[WhiteElo "1996"]
[BlackElo "1644"]
[Annotator "NA"]
[PlyCount "85"]
[EventDate "2019.02.28"]
[EventType "swiss"]
[EventCountry "IRL"]
[SourceTitle "playchess.com"]
[Source "ChessBase"]
[SourceQuality "1"]
[TimeControl "5400+30"]

1. d4 d5 2. Bg5 c5 3. dxc5 Qa5+ 4. Nc3 e6 5. a3 Qxc5 6. Qd2 Bd6 7. Nf3 Ne7 8. e4 b6 9. e5 Bxe5 10. Nxe5 d4 11. Qf4 f6 12. Bb5+ Nbc6 13. Ne4 Qxe5 14. Qxe5 fxe5 15. Bxe7 Kxe7 16. Bxc6 Rb8 17. Bb5 Bb7 18. Bd3 Rhf8 19. O-O Rf4 20. Rae1 h6 21. Nd2 Rg4 22. f3 Rg5 23. Nc4 Kf6 24. Nd6 Bd5 25. Ne4+ Bxe4 26. Rxe4 Ke7 27. Rfe1 Rc8 28. Rxe5 Rxe5 29. Rxe5 Kd6 30. Re4 e5 31. f4 Re8 32. fxe5+ Rxe5 33. Rxe5 Kxe5 34. Kf2 Kf4 35. h3 a5 36. g3+ Kg5 37. Kf3 h5 38. Ke4 h4 39. g4 Kf6 40. Kxd4 Kg5 41. Ke4 Kf6 42. b4 axb4 43. axb4 1-0

[Event "Irish International Open 2019"]
[Site "Dublin"]
[Date "2019.04.20"]
[Round "5.5"]
[White "Thorfinnsson, Bjorn"]
[Black "Mihalik, Agoston"]
[Result "1-0"]
[ECO "A20"]
[WhiteElo "2399"]
[BlackElo "2203"]
[Annotator "NA"]
[PlyCount "33"]
[EventDate "2019.02.28"]
[EventType "swiss"]
[EventCountry "IRL"]
[SourceTitle "playchess.com"]
[Source "ChessBase"]
[SourceQuality "1"]
[TimeControl "5400+30"]

1. c4 e5 2. g3 Nf6 3. Bg2 h6 4. Nc3 Bb4 5. Qc2 O-O 6. Nf3 Re8 7. O-O Nc6 8. e3 Bxc3 9. bxc3 e4 10. Nd4 b6 11. f3 Bb7 12. Nf5 Ne5 13. fxe4 d6 14. d3 a5 15. Qe2 Ba6 16. Bd2 g6 17. Nxh6+ 1-0

[Event "Irish International Open 2019"]
[Site "Dublin"]
[Date "2019.04.20"]
[Round "5.6"]
[White "Menzies, Colin"]
[Black "Longson, Alexander"]
[Result "0-1"]
[ECO "A11"]
[WhiteElo "2183"]
[BlackElo "2318"]
[Annotator "NA"]
[PlyCount "41"]
[EventDate "2019.02.28"]
[EventType "swiss"]
[EventCountry "IRL"]
[SourceTitle "playchess.com"]
[Source "ChessBase"]
[SourceQuality "1"]
[TimeControl "5400+30"]

1. Nf3 d5 2. c4 e6 3. b3 Nf6 4. Bb2 Nbd7 5. e3 Bd6 6. Be2 O-O 7. Nc3 c6 8. Qc2 a6 9. Rg1 b5 10. g4 bxc4 11. bxc4 Rb8 12. g5 Ne4 13. Nxe4 dxe4 14. Nd4 c5 15. Nb3 a5 16. h4 a4 17. Nc1 Rxb2 18. Qxb2 Be5 19. Qb1 Qc7 20. a3 Bxa1 21. Qxa1 0-1

[Event "Irish International Open 2019"]
[Site "Dublin"]
[Date "2019.04.20"]
[Round "5.7"]
[White "De Verdier, Michael"]
[Black "Han, Yichen"]
[Result "1-0"]
[ECO "E63"]
[WhiteElo "2306"]
[BlackElo "2190"]
[Annotator "NA"]
[PlyCount "49"]
[EventDate "2019.02.28"]
[EventType "swiss"]
[EventCountry "IRL"]
[SourceTitle "playchess.com"]
[Source "ChessBase"]
[SourceQuality "1"]
[TimeControl "5400+30"]

1. Nf3 Nf6 2. c4 g6 3. g3 Bg7 4. Bg2 O-O 5. O-O d6 6. d4 Nc6 7. Nc3 a6 8. b3 Bd7 9. Bb2 Na5 10. Qd2 c5 11. dxc5 dxc5 12. Ne5 Bc6 13. Qxd8 Rfxd8 14. Nxc6 Nxc6 15. Rad1 Nd7 16. Bxc6 bxc6 17. Rd2 Bxc3 18. Bxc3 Nf6 19. f3 Rd7 20. Rxd7 Nxd7 21. Rd1 Ra7 22. Ba5 Rb7 23. Kf2 f6 24. Ke3 Kf7 25. Kd2 1-0

[Event "Irish International Open 2019"]
[Site "Dublin"]
[Date "2019.04.20"]
[Round "5.8"]
[White "Li, Henry"]
[Black "McMorrow, John"]
[Result "1/2-1/2"]
[ECO "C95"]
[WhiteElo "2308"]
[BlackElo "2058"]
[Annotator "NA"]
[PlyCount "52"]
[EventDate "2019.02.28"]
[EventType "swiss"]
[EventCountry "IRL"]
[SourceTitle "playchess.com"]
[Source "ChessBase"]
[SourceQuality "1"]
[TimeControl "5400+30"]

1. e4 e5 2. Nf3 Nc6 3. Bb5 a6 4. Ba4 Nf6 5. O-O b5 6. Bb3 Be7 7. Re1 d6 8. c3 O-O 9. h3 Nb8 10. d4 Nbd7 11. Nbd2 Bb7 12. Bc2 Re8 13. a4 c5 14. d5 Qc7 15. b3 bxa4 16. bxa4 a5 17. Bd3 Ba6 18. Bxa6 Rxa6 19. Qe2 Raa8 20. Nc4 Nb6 21. Na3 Reb8 22. Nb5 Qd7 23. c4 Ne8 24. Bd2 Nc7 25. Reb1 Bd8 26. Bc3 f6 1/2-1/2

[Event "Irish International Open 2019"]
[Site "Dublin"]
[Date "2019.04.20"]
[Round "5.10"]
[White "Schut, Han"]
[Black "Thorarinsson, Pall A."]
[Result "1/2-1/2"]
[ECO "B09"]
[WhiteElo "2173"]
[BlackElo "2246"]
[Annotator "NA"]
[PlyCount "32"]
[EventDate "2019.02.28"]
[EventType "swiss"]
[EventCountry "IRL"]
[SourceTitle "playchess.com"]
[Source "ChessBase"]
[SourceQuality "1"]
[TimeControl "5400+30"]

1. e4 d6 2. d4 Nf6 3. Nc3 g6 4. f4 Bg7 5. Nf3 O-O 6. e5 Nfd7 7. Ne4 c5 8. c3 cxd4 9. cxd4 Nb6 10. Be2 Nc6 11. O-O Be6 12. Qe1 dxe5 13. dxe5 Nd4 14. Bd1 Rc8 15. Qh4 Bc4 16. Re1 Bxa2 1/2-1/2

[Event "Irish International Open 2019"]
[Site "Dublin"]
[Date "2019.04.20"]
[Round "5.11"]
[White "Schmitz, Andreas Arnold"]
[Black "Brady, Stephen"]
[Result "0-1"]
[ECO "B01"]
[WhiteElo "2003"]
[BlackElo "2301"]
[Annotator "NA"]
[PlyCount "27"]
[EventDate "2019.02.28"]
[EventType "swiss"]
[EventCountry "IRL"]
[SourceTitle "playchess.com"]
[Source "ChessBase"]
[SourceQuality "1"]
[TimeControl "5400+30"]

1. e4 d5 2. exd5 Qxd5 3. Qf3 Nf6 4. Nc3 Qa5 5. b4 Qxb4 6. Rb1 Qg4 7. Qxg4 Nxg4 8. Nf3 e6 9. d4 Bd6 10. h3 Nf6 11. Bc4 Nbd7 12. Nb5 Nb6 13. Bd3 O-O 14. c4 0-1